Map: [ESL] Cosmic Sapphire

Players

SlavaZA - Winner!

  • Race: Protoss Protoss
  • Spawn Location: 11:00

Killermonjas

  • Race: Protoss Protoss
  • Spawn Location: 5:00

Event: DreamHack SC2 Masters 2022 Valencia

VOD

Have the link to the VOD?

Description

Time

  • Played on: July 1, 2022, 1:59 p.m.
  • Length: 7:51

All games in this series

Show
View Real Time Build Order
Export as new Build Order

SlavaZA Protoss - Winner!

Build Orders: Blink Stalkers 

Get SALT Encoding   

  12  0:00  Probe  
  13  0:12  Probe  
  14  0:17  Pylon  
  14  0:24  Probe  
  15  0:36  Probe (Chrono Boost), Gateway  
  16  0:43  Assimilator  
  16  0:48  Probe (Chrono Boost)  
  17  0:52  Assimilator  
  17  0:56  Probe (Chrono Boost)  
  18  1:05  Probe  
  18  1:09  Gateway  
  19  1:17  Probe  
  20  1:24  Cybernetics Core  
  20  1:29  Probe  
  21  1:38  Pylon  
  21  1:42  Probe  
  22  1:54  Probe  
  23  2:03  Stalker  
  23  2:05  Stalker, Warp Gate  
  27  2:14  Twilight Council  
  27  2:21  Pylon  
  27  2:33  Stalker  
  27  2:35  Stalker  
  31  3:02  Blink (Chrono Boost)  
  31  3:06  Probe  
  31  3:20  Shield Battery  
  31  3:25  Pylon  
  31  3:39  Gateway  
  31  3:43  Pylon  
  31  3:53  Stalker  
  31  3:54  Stalker  
  35  4:02  Gateway  
  35  4:15  Pylon  
  35  4:23  Stalker x2  
  39  4:40  Stalker  
  41  4:46  Stalker x2  
  42  5:08  Stalker x2  
  42  5:11  Stalker  
  42  5:12  Stalker  
  50  5:16  Pylon  
  50  5:36  Stalker x3  
  56  5:52  Stalker  
  58  6:00  Stalker x2  
  62  6:08  Pylon  
  62  6:27  Stalker x3  
  66  6:47  Stalker  
  66  6:50  Stalker  
  70  6:58  Pylon  
  70  7:16  Stalker x2  
  70  7:17  Stalker  
  70  7:22  Stalker  
  50  7:46  Stalker x3  
Show
View Real Time Build Order
Export as new Build Order

Killermonjas Protoss 

Build Orders:  

Get SALT Encoding   

  12  0:00  Probe  
  13  0:12  Probe  
  14  0:17  Pylon  
  14  0:24  Probe (Chrono Boost)  
  16  0:37  Probe (Chrono Boost), Gateway  
  16  0:42  Probe (Chrono Boost)  
  16  0:46  Assimilator  
  17  0:52  Probe (Chrono Boost)  
  17  0:54  Assimilator  
  19  1:04  Probe (Chrono Boost)  
  19  1:08  Gateway  
  19  1:13  Probe (Chrono Boost)  
  20  1:18  Probe  
  20  1:25  Cybernetics Core  
  21  1:30  Probe  
  22  1:34  Pylon  
  22  1:42  Probe  
  23  1:55  Probe  
  18  2:01  Stalker, Adept  
  24  2:02  Warp Gate  
  28  2:12  Pylon  
  28  2:32  Robotics Facility  
  28  2:34  Pylon  
  28  2:42  Stalker x2  
  32  2:48  Pylon  
  32  3:10  Pylon  
  30  3:17  Immortal (Chrono Boost)  
  33  3:46  Observer (Chrono Boost)  
  34  4:00  Immortal  
  38  4:06  Nexus  
  38  4:11  Adept x2  
  42  4:22  Probe (Chrono Boost)  
  44  4:32  Probe (Chrono Boost)  
  44  4:34  Shield Battery  
  44  4:36  Shield Battery  
  44  4:42  Sentry  
  44  4:43  Sentry  
  48  4:56  Immortal (Chrono Boost)  
  50  5:07  Stalker  
  50  5:13  Stalker  
  54  5:32  Stalker  
  56  5:37  Stalker  
  58  5:50  Stalker  
  58  5:51  Immortal (Chrono Boost)  
  64  6:07  Probe x2  
  66  6:19  Probe, Gateway  
  66  6:20  Pylon, Probe  
  68  6:30  Adept  
  68  6:41  Stalker  
  68  6:43  Warp Prism (Chrono Boost)  
  68  6:52  Observer  
  68  6:57  Stalker  
  70  7:16  Pylon  
  70  7:18  Pylon  
  34  7:45  Stalker  
  34  7:46  Stalker  

Tags
 
Add a new tag
Caveats
  • Supply blocks, unpowered buildings, or Contaminate may cause inaccurate times.
  • Supply counts are checked every 10 seconds.